 Dungeon Crawl Stone Soup version 0.27.1 (webtiles) character file.

Game seed: 12443410123715495879

91 ABBCCCDDDD the Insei (level 4, -4/33 HPs)
             Began as an Octopode Abyssal Knight on Sept 2, 2021.
             Was a Follower of Lugonu.
             Splashed by a jelly's acid (12 damage)
             ... on level 3 of the Dungeon.
             The game lasted 00:05:43 (3115 turns).

ABBCCCDDDD the Insei (Octopode Abyssal Knight)      Turns: 3115, Time: 00:05:44

Health: -4/33      AC:  1    Str: 11    XL:     4   Next: 59%
Magic:  5/5        EV: 13    Int: 15    God:    Lugonu [*.....]
Gold:   88         SH:  0    Dex: 11    Spells: 2/3 levels left

rFire    + . .     SeeInvis .     - Unarmed
rCold    . . .     Faith    .   (no shield)
rNeg     . . .     Spirit   .   (helmet restricted)
rPois    .         Reflect  .   (no amulet)
rElec    .         Harm     .   k - ring of protection from fire
rCorr    .         Rampage  .   (no ring)
Will     .....                  (no ring)
Stlth    ++........             (no ring)
HPRegen  0.11/turn              (no ring)
MPRegen  0.09/turn              (no ring)
                                (no ring)
                                (no ring)

@: attractive
A: almost no armour, amphibious, 8 rings, camouflage 1, gelatinous body 1,
(nimble swimmer 1), tentacles
a: Renounce Religion, Depart the Abyss


You were on level 3 of the Dungeon.
You worshipped Lugonu.
Lugonu was aware of your devotion.
You visited 1 branch of the dungeon, and saw 3 of its levels.
You visited the Abyss 1 time.

You collected 172 gold pieces.
You spent 84 gold pieces at shops.

Inventory:

Jewellery
 k - a ring of protection from fire (left tentacle)
Scrolls
 e - 2 scrolls of teleportation
 f - a scroll of amnesia
 h - a scroll of enchant weapon
 j - a scroll of immolation {unknown}
Potions
 a - a potion of resistance
 c - 2 potions of brilliance
 g - a potion of cancellation {unknown}
 i - a potion of heal wounds {unknown}


   Skills:
 + Level 3.8 Fighting
 - Level 2.3 Dodging
 * Level 4.0 Unarmed Combat
 - Level 2.0 Invocations


You had 2 spell levels left.
You knew the following spells:

 Your Spells              Type           Power      Damage    Failure   Level
a - Summon Small Mammal   Summ           0%         N/A       26%         1

Your spell library contained the following spells:

 Spells                   Type           Power      Damage    Failure   Level
 Call Canine Familiar     Summ           0%         N/A       63%         3
 Conjure Flame            Conj/Fire      0%         6-21      63%         3
 Ignite Poison            Fire/Tmut/Pois 0%         N/A       63%         3
 Summon Guardian Golem    Hex/Summ       0%         N/A       63%         3
 Sticky Flame             Conj/Fire      0%         2d3       95%         4


Dungeon Overview and Level Annotations

Branches:
Dungeon (3/15)

Altars:
Uskayaw

Shops:
D:1 *   D:2 =   D:3 =


Innate Abilities, Weirdness & Mutations

You cannot wear most types of armour.
You are amphibious.
You can wear up to eight rings at the same time.
Your skin changes colour to match your surroundings (Stealth+).
Your rubbery body absorbs attacks. (AC +1, EV +1)
((You are camouflaged near water. (Stealth+)))
You have tentacles for arms and can constrict up to eight enemies at once.


Message History

You tentacle-slap the jackal but do no damage.
You tentacle-slap the jackal, but do no damage.
You constrict the jackal. The jackal bites you.
* * * LOW HITPOINT WARNING * * *
The jackal bites you.
* * * LOW HITPOINT WARNING * * *
The jackal misses you.
The jelly jiggles.
The jackal barely misses you.
You tentacle-slap the jackal.
You kill the jackal!
Lugonu accepts your kill. The jackal barely misses you.
A dart slug comes into view.
You see here a jackal corpse.
Found a short sword.
Found a stone staircase leading up.
The jackal misses you.
Found a scroll of identify.
You are no longer corroded.
The jackal misses you. The jackal bites you.
* * * LOW HITPOINT WARNING * * *
You tentacle-slap the jackal but do no damage.
Your grab misses the jackal. Your squeeze misses the jackal.
The jackal closely misses you.
You tentacle-slap the jackal. You grab the jackal.
You tentacle-slap the jackal, but do no damage.
The jackal is heavily wounded.
You constrict the jackal, but do no damage.
The jackal barely misses you. The jackal misses you.
You tentacle-slap the jackal.
You kill the jackal!
Lugonu accepts your kill. The jelly closely misses you.
Okay, then.
It was a potion of attraction.
You feel attractive to monsters. The jelly hits you.
* * * LOW HITPOINT WARNING * * *
You are splashed with acid!
You die...

.......#.##.............#####...)
.......#.#..##..........########.
..._.......#............#)....)).
.......#.##..#..........#.#######
.......#....##............#
#.....##)######........####
###.####.# ##.......#
.........########...<.##
.....<.........J@.#####
###################


You could see a jelly.

Levels and vault maps discovered:
D:1:      scummos_arrival_gate, layout_basic, serial_shops,
          nicolae_shop_overgrown_old_shop, basic_ecumenical_altar,
          minmay_tree_intersection, minmay_misc_feat_chi, st_stairs_3
D:2:      layout_loops_ring, serial_shops, shop,
          minmay_fractal_squares_gapless_5
D:3:      cheibrodos_old_hovel, layout_rooms, old_standard_altar, serial_shops,
          shop, uniq_grinder

Notes
Turn   | Place    | Note
-------+----------+-------------------------------------------
     0 | Abyss:1  | ABBCCCDDDD the Octopode Abyssal Knight began the quest for
                  | the Orb.
     0 | Abyss:1  | Reached XP level 1. HP: 16/16 MP: 2/2
    36 | Abyss:2  | Noticed a wretched star
    36 | Abyss:2  | Noticed a large abomination
    38 | Abyss:2  | Noticed a large abomination
    56 | Abyss:2  | Noticed a smoke demon
    56 | D:1      | Escaped the Abyss
   247 | D:1      | Reached * piety under Lugonu
   252 | D:1      | Reached XP level 2. HP: 19/21 MP: 3/3
   334 | D:1      | Found a faded altar of an unknown god.
   574 | D:1      | Found Urota's Assorted Antiques.
   586 | D:1      | Bought a scroll labelled QULUPU POIMISI for 21 gold pieces
   586 | D:1      | Bought a scroll labelled QULUPU POIMISI for 21 gold pieces
   586 | D:1      | Bought a scroll labelled XEASCHY KANUFI for 21 gold pieces
   586 | D:1      | Bought a scroll labelled SOIXTUXAJE for 21 gold pieces
   784 | D:1      | Reached skill level 3 in Unarmed Combat
   899 | D:1      | Reached XP level 3. HP: 26/26 MP: 4/4
  1509 | D:2      | Learned a level 1 spell: Summon Small Mammal
  2074 | D:2      | Found Doskip Tiyd's Jewellery Boutique.
  2468 | D:2      | Reached XP level 4. HP: 19/32 MP: 5/5
  2737 | D:3      | Found a hide-covered altar of Uskayaw.
  3005 | D:3      | Found Qeuthruy's Jewellery Emporium.
  3038 | D:3      | Reached skill level 4 in Unarmed Combat
  3115 | D:3      | Splashed by a jelly's acid

Table legend: (Time is in decaauts)
 A = Elapsed time spent in this place.
 B = Non-inter-level travel time spent in this place.
 C = Inter-level travel time spent in this place.
 D = Time resting spent in this place.
 E = Time spent auto-exploring this place.
 F = Levels seen in this place.
 G = Mean time per level.
                   A        B        C        D        E       F      G
               +--------+--------+--------+--------+--------+-----+--------+
         Total |   3106 |   2989 |    117 |    750 |   1690 |   5 |  621.2 |
       Dungeon |   3050 |   2933 |    117 |    750 |   1678 |   3 | 1016.7 |
         Abyss |     55 |     55 |      0 |      0 |     12 |   2 |   27.5 |
               +--------+--------+--------+--------+--------+-----+--------+

Top non-repeatable levels by time:
     D:2: 1537 daAuts
     D:1: 1134 daAuts
     D:3: 378 daAuts
 Abyss:2: 40 daAuts
 Abyss:1: 15 daAuts

Table legend:
 A = Kills in this place as a percentage of kills in entire the game.
 B = Kills by you in this place as a percentage of kills by you in the entire game.
 C = Kills by friends in this place as a percentage of kills by friends in the entire game.
 D = Other kills in this place as a percentage of other kills in the entire game.
 E = Experience gained in this place as a percentage of experience gained in the entire game.
 F = Experience gained in this place divided by the number of levels of this place that you have seen.
                   A       B       C       D       E      F
               +-------+-------+-------+-------+-------+----------------------
         Total | 100.0 | 100.0 |   N/A |   N/A | 100.0 |  26.2
       Dungeon | 100.0 | 100.0 |   N/A |   N/A | 100.0 |  43.7
               +-------+-------+-------+-------+-------+----------------------

Action                   |  1- 3 |  4- 6 || total
-------------------------+-------+-------++-------
Melee: Unarmed           |    85 |    42 ||   127
       Constrict         |    19 |    12 ||    31
       Tentacles         |    16 |     8 ||    24
       Punch             |     2 |     3 ||     5
Invok: Depart the Abyss  |     1 |       ||     1
  Use: Scroll            |     5 |     1 ||     6
       Potion            |       |     2 ||     2
 Stab: Sleeping          |    12 |       ||    12
Armor: Skin              |     7 |       ||     7
Dodge: Dodged            |    44 |    29 ||    73

Vanquished Creatures
  2 adders
  A dart slug (D:1)
  9 orcs
  5 bats
  6 endoplasms
  7 goblins
  3 hobgoblins
  4 jackals (D:3)
  2 quokkas (D:2)
  4 ball pythons
  2 frilled lizards
  3 kobolds
  10 rats
58 creatures vanquished.

Vanquished Creatures (others)
  7 plants
7 creatures vanquished.

Grand Total: 65 creatures vanquished
